 Dungeon Crawl Stone Soup version 0.30-a0-1124-g6e8f0f562f (webtiles) character file.

Game seed: 5165369667980867326

118 LustLizard the Stinger (level 4, -2/25 HPs)
             Began as a Deep Elf Venom Mage on Apr 24, 2023.
             Slain by Sigmund
             ... wielding a +0 scythe
              (4 damage)
             ... on level 2 of the Dungeon.
             The game lasted 00:03:54 (2279 turns).

LustLizard the Stinger (Deep Elf Venom Mage)        Turns: 2279, Time: 00:03:54

Health: -2/25      AC:  2    Str:  7    XL:     4   Next: 72%
Magic:  8/11       EV: 12    Int: 20    God:
Gold:   122        SH:  0    Dex: 15    Spells: 4/10 levels left

rFire   . . .        e - +0 dagger
rCold   . . .        (no shield)
rNeg    . . .        a - +0 robe
rPois   .            (no helmet)
rElec   .            (no cloak)
rCorr   +            (no gloves)
SInv    .            (no boots)
Will    .....        (no amulet)
Stlth   +            d - ring of resist corrosion
HPRegen 0.24/turn    (no ring)
MPRegen 0.12/turn

%: no passive effects
@: confused
A: no striking features
a: no special abilities


You were on level 2 of the Dungeon.
You visited 1 branch of the dungeon, and saw 2 of its levels.

You collected 122 gold pieces.

Inventory:

Hand Weapons
 e - a +0 dagger (weapon)
Armour
 a - a +0 robe (worn)
Jewellery
 d - a ring of resist corrosion (left hand)
 k - an amulet of magic regeneration
Scrolls
 c - 2 scrolls of identify {unknown}
 g - 3 scrolls of fear {unknown}
 h - a scroll of torment {unknown}
 j - 2 scrolls of magic mapping {unknown}
 m - a scroll of enchant weapon {unknown}
Potions
 b - a potion of magic
 f - 2 potions of might {unknown}
 i - a potion of lignification {unknown}
 l - a potion of mutation {unknown}


   Skills:
 + Level 1.2 Fighting
 - Level 2.4 Dodging
 + Level 3.4 Stealth
 + Level 3.6 Spellcasting
 * Level 0.0 Conjurations
 - Level 1.1 Transmutations
 * Level 1.9 Air Magic
 * Level 4.3 Poison Magic


You had 4 spell levels left.
You knew the following spells:

 Your Spells              Type           Power      Damage    Failure   Level
a - Sting                 Tmut/Pois      56%        1d5       4%          1
b - Poisonous Vapours     Pois/Air       32%        N/A       5%          2
c - Mephitic Cloud        Conj/Pois/Air  12%        N/A       17%         3

Your spell library contained the following spells:

 Spells                   Type           Power      Damage    Failure   Level
 Cigotuvi's Dreadful Rot  Necr/Pois/Air  24%        N/A       9%          2
 Ignite Poison            Fire/Tmut/Pois 10%        N/A       19%         3
 Olgreb's Toxic Radiance  Pois           20%        N/A       22%         4
 Freezing Cloud           Conj/Ice/Air   3%         6-21      96%         5


Dungeon Overview and Level Annotations

Branches:
Dungeon (2/15)

Altars:

Annotations:
D:2 Sigmund


Message History

Press: ? - help, Dir - move target, f - Sigmund
Aim: Sigmund, wielding a +0 scythe and wearing a +0 robe Poisonous vapours surround Sigmund!
Sigmund is poisoned.
Unknown command.
Aiming: Sting (safe; 4% risk of failure)
Press: ? - help, Q - select action, (/) - cycle Shift-Dir - straight line, f/p - Sigmund
Aim: Sigmund, wielding a +0 scythe and wearing a +0 robe (poisoned, 68% to hit)
The sting hits Sigmund but does no damage.
Sigmund looks even sicker.
Sigmund casts a spell at you.
You are confused.
You bump into the rock wall.
Sigmund gestures wildly while chanting.
Sigmund flickers and vanishes!
Deactivating autopickup; reactivate with Ctrl-A.
You feel less confused. The dart slug launches a dart at you.
The slug dart hits you.
Aiming: Sting (safe; 4% risk of failure)
Press: ? - help, Q - select action, (/) - cycle Shift-Dir - straight line Unknown command.
Aiming: Sting (safe; 4% risk of failure)
Press: ? - help, Q - select action, (/) - cycle Shift-Dir - straight line The sting hits something.
Something hits you!
Unknown command.
Aiming: Sting (safe; 4% risk of failure)
Press: ? - help, Q - select action, (/) - cycle Shift-Dir - straight line Something hits you!
Unknown command.
Found a stone staircase leading up.
You are confused.
There is a stone staircase leading up here.
In your confused state, you trip and fall back down the stairs.
Something hits you!
* * * LOW HITPOINT WARNING * * *
In your confused state, you trip and fall back down the stairs.
* * * LOW HITPOINT WARNING * * *
Something hits you.
You die...

### #.##########
#...........
#.########## ### #.#
# ..###.##########
###.##............
#.#@..#...........##
#.....#.#######...##
#..........# #.....
#
#....##..#.####....#
###
#...................
..#######
#####.#..#.####.....
.........
...............#.
#.######
##................
#..####
#..#.............


There were no monsters in sight!

Vanquished Creatures
  An orc priest (D:2)
  Natasha (D:2)
  2 adders (D:2)
  A worm (D:2)
  A dart slug (D:1)
  3 orcs (D:2)
  4 bats
  An endoplasm (D:2)
  2 giant cockroaches (D:1)
  7 goblins
  3 hobgoblins (D:2)
  A quokka (D:2)
  6 ball pythons
  5 kobolds
  3 rats
41 creatures vanquished.

Notes
Turn   | Place    | Note
-------+----------+-------------------------------------------
     0 | D:1      | LustLizard the Deep Elf Venom Mage began the quest for the
                  | Orb.
     0 | D:1      | Reached XP level 1. HP: 10/10 MP: 6/6
   355 | D:1      | Reached XP level 2. HP: 16/16 MP: 5/8
   403 | D:1      | Learned a level 2 spell: Poisonous Vapours
  1334 | D:2      | Reached XP level 3. HP: 4/20 MP: 3/9
  1426 | D:2      | Reached skill level 1 in Air Magic
  1674 | D:2      | Learned a level 3 spell: Mephitic Cloud
  1687 | D:2      | Reached skill level 4 in Poison Magic
  1693 | D:2      | HP: 1/20 [orc/+0 hand axe (2)]
  1694 | D:2      | Reached skill level 1 in Fighting
  1694 | D:2      | Reached XP level 4. HP: 2/25 MP: 1/11
  2064 | D:2      | Noticed Natasha
  2076 | D:2      | Killed Natasha
  2247 | D:2      | Noticed Sigmund
  2279 | D:2      | Slain by Sigmund

Illustrated notes

Levels and vault maps discovered:
D:1:      minmay_arrival_wavy_path, layout_loops_corners
D:2:      layout_basic, interstate_on_off, uniq_sigmund, uniq_natasha

Skill      XL: |  1  2  3 |
---------------+----------+-----
Stealth        | 3 |  3.4
Air Magic      | 1 |  1.9
Poison Magic   | 4 |  4.3
Fighting       | 1 |  1.2
Dodging        | |  2.4
Spellcasting   | |  3.6
Transmutations | |  1.1

Action                     |  1- 3 |  4- 6 || total
---------------------------+-------+-------++-------
  Melee: Dagger            |       |     2 ||     2
   Cast: Sting             |    70 |    27 ||    97
         Poisonous Vapours |       |     1 ||     1
 Armour: Robe              |     5 |     2 ||     7
  Dodge: Dodged            |    15 |     7 ||    22

Table legend: (Time is in decaauts)
 A = Elapsed time spent in this place.
 B = Non-inter-level travel time spent in this place.
 C = Inter-level travel time spent in this place.
 D = Time resting spent in this place.
 E = Time spent auto-exploring this place.
 F = Levels seen in this place.
 G = Mean time per level.
                   A        B        C        D        E       F      G
               +--------+--------+--------+--------+--------+-----+--------+
         Total |   2278 |   2251 |     27 |    180 |   1744 |   2 | 1139.0 |
       Dungeon |   2278 |   2251 |     27 |    180 |   1744 |   2 | 1139.0 |
               +--------+--------+--------+--------+--------+-----+--------+

Top non-repeatable levels by time:
     D:1: 1253 daAuts
     D:2: 1025 daAuts
